 Dungeon Sprint DCSS version 0.22-a0-580-gd5db89c (webtiles) character file.

86 Kidiri the Thaumaturge (level 4, -3/24 HPs)
             Began as a Deep Elf Fire Elementalist on July 3, 2018.
             Was a Believer of Vehumet.
             Slain by a warg (5 damage)
             ... in the Dungeon (Sprint VII: "The Pits").
             The game lasted 00:01:31 (266 turns).

Kidiri the Thaumaturge (Deep Elf Fire Elementalist)  Turns: 266, Time: 00:01:32

Health: -3/24      AC:  2    Str:  5    XL:     4   Next: 27%
Magic:  7/16       EV: 13    Int: 21    God:    Vehumet [**....]
Gold:   0          SH:  0    Dex: 15    Spells: 10/19 levels left

rFire    . . .     SeeInvis .   m - +2 dagger
rCold    . . .     Gourm    .   (no shield)
rNeg     . . .     Faith    .   a - +0 robe
rPois    .         Spirit   .   (no helmet)
rElec    .         Reflect  .   (no cloak)
rCorr    .         Harm     .   (no gloves)
MR       .....     NoTele   +   (no boots)
Stlth    ++........             (no amulet)
HPRegen  0.08/turn              (no ring)
MPRegen  0.15/turn              (no ring)

@: lethally poisoned (-3 -> -7), very slightly contaminated
A: no striking features
a: Renounce Religion


You were in the Dungeon.
You worshipped Vehumet.
Vehumet was pleased with you.
You were not hungry.

You visited 1 branch

Inventory:

Hand Weapons
 m - a +2 dagger (weapon)
Armour
 a - a +0 robe (worn)
Scrolls
 i - a scroll of blinking
 j - 3 scrolls of remove curse
 k - 5 scrolls of amnesia
 l - a scroll of summoning
Potions
 b - 2 potions of invisibility
 d - a potion of curing
 f - a potion of haste
 g - 4 potions of magic
 h - 3 potions of berserk rage
Comestibles
 c - 9 rations
 n - 2 chunks of flesh


   Skills:
 - Level 2.4 Dodging
 - Level 2.4 Stealth
 * Level 8.4 Spellcasting
 + Level 4.6 Conjurations
 + Level 5.6 Fire Magic


You had 10 spell levels left.
You knew the following spells:

 Your Spells              Type           Power        Failure   Level  Hunger
a - Flame Tongue          Conj/Fire      ####.        1%          1    None
b - Throw Flame           Conj/Fire      ####..       1%          2    None
c - Conjure Flame         Conj/Fire      ####....     2%          3    None
d - Inner Flame           Hex/Fire       ###.....     7%          3    None

Your spell library contained the following spells:

 Spells                   Type           Power        Failure   Level  Hunger
 Fireball                 Conj/Fire      ####......   26%         5    #####..
 Sticky Flame             Conj/Fire      ####....     9%          4    ###....


Dungeon Overview and Level Annotations

Branches:
Dungeon (1/1)

Altars:
Ashenzari
Cheibriados
Dithmenos
Elyvilon
Fedhas
Gozag
Hepliaklqana
Kikubaaqudgha
Makhleb
Nemelex Xobeh
Okawaru
Qazlal
Ru
Sif Muna
Trog
Uskayaw
Vehumet
Wu Jian
Xom
Yredelemnul
Zin
The Shining One
Beogh
Jiyva
Lugonu

Annotations:
D exclusion: 6 doors


Message History

The flame tongue misses the worker ant.
You feel sick. The worker ant misses you.
Casting: Flame Tongue (safe; 1% risk of failure)
Confirm with . or Enter, or press ? or * to list all spells.
Aiming: Flame Tongue (safe; 1% risk of failure)
Press: ? - help, Shift-Dir - straight line, f/p - worker ant
Aim: a worker ant (heavily wounded)
The flame tongue hits the worker ant.
You kill the worker ant!
Vehumet accepts your kill.
You feel your power returning.
Your Spellcasting skill increases to level 8!
You have reached level 4!
You feel clever.
A warg comes into view.
You feel sick. The warg bites you!
Ouch! That really hurt!
* * * LOW HITPOINT WARNING * * *
The warg bites you.
You die...

#_______...###########++##
##########+##.............
#.?(.+)))+.##......#..#...
##########.##.............
#...........'.............
+#####'#####......#..#...
#..#..#..##.............
#..+).'..#####+#####++##
##+####@###.......#
#.....h..##.......#
#........##.......#
#####+#####...<...#
#.......# #.......#
#.......# #########


You could see a warg.

Vanquished Creatures
  3 worker ants (D)
  An ufetubus (D)
  An adder zombie (D)
  An adder skeleton (D)
  An orc (D)
  A kobold (D)
  A quokka zombie (D)
9 creatures vanquished.

Notes
Turn   | Place    | Note
-------+----------+-------------------------------------------
     0 | D        | Kidiri the Deep Elf Fire Elementalist began the quest for the Orb.
     0 | D        | Reached XP level 1. HP: 10/10 MP: 6/6
    29 | D        | Reached skill level 4 in Spellcasting
    62 | D        | Found a bloodstained altar of Trog.
    62 | D        | Found a deep blue altar of Sif Muna.
    62 | D        | Found a viscous altar of Jiyva.
    62 | D        | Found a hazy altar of Hepliaklqana.
    62 | D        | Found an opulent altar of Gozag.
    63 | D        | Found a glowing golden altar of the Shining One.
    63 | D        | Found a glowing silver altar of Zin.
    63 | D        | Found a basalt altar of Yredelemnul.
    63 | D        | Found a shimmering altar of Xom.
    63 | D        | Found an ornate altar of the Wu Jian Council.
    63 | D        | Found a sacrificial altar of Ru.
    63 | D        | Found a stormy altar of Qazlal.
    63 | D        | Found an iron altar of Okawaru.
    63 | D        | Found a sparkling altar of Nemelex Xobeh.
    63 | D        | Found a burning altar of Makhleb.
    63 | D        | Found a blossoming altar of Fedhas.
    63 | D        | Found a white marble altar of Elyvilon.
    63 | D        | Found a shadowy altar of Dithmenos.
    63 | D        | Found a snail-covered altar of Cheibriados.
    65 | D        | Found a radiant altar of Vehumet.
    65 | D        | Found a corrupted altar of Lugonu.
    65 | D        | Found a roughly hewn altar of Beogh.
    66 | D        | Found a hide-covered altar of Uskayaw.
    66 | D        | Found an ancient bone altar of Kikubaaqudgha.
    66 | D        | Found a shattered altar of Ashenzari.
    73 | D        | Became a worshipper of Vehumet
   125 | D        | Reached skill level 5 in Spellcasting
   125 | D        | Reached XP level 2. HP: 14/15 MP: 2/10
   126 | D        | Reached * piety under Vehumet
   126 | D        | Offered knowledge of Sandblast by Vehumet.
   133 | D        | Learned a level 2 spell: Throw Flame
   203 | D        | Reached skill level 6 in Spellcasting
   203 | D        | Reached XP level 3. HP: 19/19 MP: 8/13
   205 | D        | Reached skill level 7 in Spellcasting
   205 | D        | Reached skill level 5 in Fire Magic
   210 | D        | Learned a level 3 spell: Conjure Flame
   214 | D        | Learned a level 3 spell: Inner Flame
   255 | D        | Reached ** piety under Vehumet
   265 | D        | Reached skill level 8 in Spellcasting
   265 | D        | Reached XP level 4. HP: 16/24 MP: 6/16
   265 | D        | Noticed a warg
   266 | D        | Slain by a warg

Vault maps used:
D:        pitsprint

Skill      XL: |  1  2  3 |
---------------+----------+-----
Spellcasting   | 5 6 8 |  8.4
Conjurations   | 2 3 4 |  4.6
Fire Magic     | 4 5 |  5.6
Dodging        | |  2.4
Stealth        | |  2.4

Action                   |  1- 3 |  4- 6 || total
-------------------------+-------+-------++-------
 Cast: Flame Tongue      |    22 |     1 ||    23
  Use: Potion            |     1 |       ||     1
Armor: Robe              |     2 |       ||     2
Dodge: Dodged            |     8 |       ||     8

Table legend:
 A = Spawn XP
 B = Non-spawn XP
 C = Spawn XP percentage of total XP
 D = Spawn monster count
 E = Non-spawn monster count
 F = Spawn count percentage of total count
 G = Total turns spent on level
                    A         B        C        D         E        F      G
               +---------+---------+-------+---------+---------+-------+---------
         Total |       0 |     124 |   0.0 |       0 |       9 |   0.0 |   266
               +---------+---------+-------+---------+---------+-------+---------
             D |       0 |     124 |   0.0 |       0 |       9 |   0.0 |   266
               +---------+---------+-------+---------+---------+-------+---------
